 Dungeon Crawl Stone Soup version 0.32-a0-886-g41c5271027 (webtiles) character file.

Game seed: 11322981509583596807

3 Autsider the Magician (level 1, 11/16 HPs)
             Began as an Oni Hedge Wizard on Apr 2, 2024.
             Quit the game on level 1 of the Dungeon.
             The game lasted 00:00:32 (34 turns).

Autsider the Magician (Oni Hedge Wizard)              Turns: 34, Time: 00:00:33

Health: 11/16      AC:  3    Str: 13    XL:     1   Next: 50%
Magic:  1/5        EV:  8    Int: 15    God:
Gold:   0          SH:  0    Dex:  8    Spells: 6/7 levels left

rFire   . . .        a - +0 dagger
rCold   . . .        (no shield)
rNeg    . . .        b - +0 robe
rPois   .            c - +0 hat
rElec   .            (no cloak)
rCorr   .            (gloves unavailable)
SInv    .            (boots unavailable)
Will    .....        (no amulet)
Stlth   +            (no ring)
HPRegen 0.22/turn    (no ring)
MPRegen 0.09/turn

%: no passive effects
@: no status effects
A: large, unfitting armour, horns 1, tough skin 1, double potion healing,
drunken brawling
a: no special abilities


You were on level 1 of the Dungeon.
You visited 1 branch of the dungeon, and saw 1 of its levels.

Inventory:

Hand Weapons
 a - a +0 dagger (weapon)
Armour
 b - a +0 robe (worn)
 c - a +0 hat (worn)
Potions
 d - a potion of magic


   Skills:
 - Level 1.7 Dodging
 - Level 1.4 Stealth
 + Level 3.7 Spellcasting
 + Level 1.0 Conjurations
 + Level 1.0 Summonings
 - Level 0.8 Translocations


You had 6 spell levels left.
You knew the following spells:

 Your Spells              Type           Power      Damage    Failure   Level
a - Magic Dart            Conj           20%        1d4       12%         1

Your spell library contained the following spells:

 Spells                   Type           Power      Damage    Failure   Level
 Slow                     Hex            8%         N/A       19%         1
 Call Imp                 Summ           12%        N/A       19%         2
 Blink                    Tloc           10%        N/A       21%         2
 Cigotuvi's Dreadful Rot  Necr/Alch/Air  4%         N/A       28%         2
 Mephitic Cloud           Conj/Alch/Air  3%         N/A       43%         3


Dungeon Overview and Level Annotations

Branches:
Dungeon (1/15)

Altars:


Innate Abilities, Weirdness & Mutations

You are too large for most types of armour.
You have a pair of small horns on your head.
You have tough skin. (AC +1)
You gain doubled healing and magic from potions.
Whenever you drink a healing potion, you attack all around you.


Message History

Aim: a hobgoblin (almost dead, 100% to hit)
The magic dart hits the hobgoblin.
You kill the hobgoblin!
Your Conjurations skill increases to level 1!
Your Summonings skill increases to level 1!
You hit the jackal.
The jackal is moderately wounded.
The jackal bites you but does no damage.
The jackal bites you.
You closely miss the jackal.
The jackal is lightly wounded.
The jackal stops to sniff the ground.
The jackal closely misses you.
You barely miss the jackal.
The jackal is lightly wounded.
The jackal barely misses you.
You closely miss the jackal.
The jackal is lightly wounded.
The jackal misses you.
A jackal comes into view.
The jackal bites you but does no damage.
The jackal barks!
You hit the jackal. You headbutt the jackal.
You kill the jackal!
You hear an angry hiss.
The jackal closely misses you.
A jackal comes into view.
The jackal closely misses you.
You see here a jackal corpse.
You closely miss the jackal. Your headbutt misses the jackal.
The jackal bites you.
You closely miss the jackal. The jackal closely misses you.
You barely miss the jackal. Your headbutt misses the jackal.
The jackal barely misses you. The jackal bites you.
Unknown command.
Unknown command.
Unknown command.
Unknown command.
Unknown command.
Are you sure you want to abandon this character and quit the game? (Confirm with "yes".)

.. .# ♣♣♣♣♣ .##[#
♣...♣ ....# #####
....# #.<.# ....+
#...# ...
#####'''#########.#
⌠............'.@hh.#
⌠............#####.#
##..##...##..# ...
#.. #...##..# .....
#. .........#
....... #
..........# .......
...........#♣
...[.h. ...........#
....... .......#


You could see 2 jackals.

Vanquished Creatures
  A hobgoblin (D:1)
  A jackal (D:1)
  A rat (D:1)
3 creatures vanquished.

Notes
Turn   | Place    | Note
-------+----------+-------------------------------------------
     0 | D:1      | Autsider the Oni Hedge Wizard began the quest for the Orb.
     0 | D:1      | Reached XP level 1. HP: 16/16 MP: 5/5
    25 | D:1      | Reached skill level 1 in Conjurations
    25 | D:1      | Reached skill level 1 in Summonings
    34 | D:1      | Quit the game

Illustrated notes

Levels and vault maps discovered:
D:1:      beargit_arrival_diablo_church, layout_basic, lemuel_flame_loot_1

Skill      XL: |  1 |
---------------+----+-----
Conjurations   | 1 |  1.0
Summonings     | 1 |  1.0
Dodging        | |  1.7
Stealth        | |  1.4
Spellcasting   | |  3.7
Translocations | |  0.8

Action                     || total
---------------------------++-------
  Melee: Dagger            ||     8
         Headbutt          ||     1
   Cast: Magic Dart        ||     5
 Armour: Robe              ||     6
  Dodge: Dodged            ||     7

Table legend: (Time is in decaauts)
 A = Elapsed time spent in this place.
 B = Non-inter-level travel time spent in this place.
 C = Inter-level travel time spent in this place.
 D = Time resting spent in this place.
 E = Time spent auto-exploring this place.
 F = Levels seen in this place.
 G = Mean time per level.
                   A        B        C        D        E       F      G
               +--------+--------+--------+--------+--------+-----+--------+
         Total |     34 |     34 |      0 |      0 |     15 |   1 |   34.0 |
       Dungeon |     34 |     34 |      0 |      0 |     15 |   1 |   34.0 |
               +--------+--------+--------+--------+--------+-----+--------+

Top non-repeatable levels by time:
     D:1: 34 daAuts
